[Event "*** SCC Grand Prix: Titled Tuesday Blitz"]
[Site "Chess.com"]
[Date "2020.08.25"]
[Round "1"]
[White "Doraemon7"]
[Black "ajdemipopushi"]
[Result "1-0"]
[WhiteElo "2620"]
[BlackElo "2286"]
[TimeControl "180+1"]
[EndTime "10:06:51 PDT"]
[Termination "Doraemon7 won on time"]

1. d4 Nf6 2. c4 c5 3. d5 b5 4. cxb5 a6 5. bxa6 Bxa6 6. Nc3 g6 7. e4 Bxf1 8. Kxf1 d6 9. Nf3 Bg7 10. g3 Nbd7 11. Kg2 O-O 12. Qc2 Ra6 13. a4 Qa8 14. Nb5 Rc8 15. Bf4 Nb6 16. Nc3 Nfd7 17. Rhd1 Bxc3 18.
Qxc3 Rxa4 19. b3 Rxa1 20. Rxa1 Qb7 21. Bh6 f6 22. h4 Ra8 23. Rh1 Nf8 24. h5 Nbd7 25.
hxg6 hxg6 26. Qe3 Ra3 27. Nd2 Qb4 28. Qf4 Kf7 29. Bxf8 Nxf8 30. Rh8 Qd4 31. Qh6 Ra8 32. Qf4 Qe5 33. Qe3 Qd4 34. Qf4 Qe5 35. Qg4 f5 36. Qh4 fxe4 37. Nxe4 Qxd5 38. Kh2 1-0

[Event "*** SCC Grand Prix: Titled Tuesday Blitz"]
[Site "Chess.com"]
[Date "2020.08.25"]
[Round "1"]
[White "colegiodemadrid"]
[Black "UmbertoConcelli"]
[Result "1-0"]
[WhiteElo "2407"]
[BlackElo "2731"]
[TimeControl "180+1"]
[EndTime "10:06:53 PDT"]
[Termination "colegiodemadrid won by resignation"]

1. e4 c5 2. Nf3 d6 3. d4 cxd4 4. Nxd4 Nf6 5. Nc3 Nc6 6. Bc4 Qb6 7. Ndb5 a6 8. Be3 Qa5 9. Nd4 Nxe4 10. Qf3 Ne5 11. Bxf7+ Nxf7 12. Qxe4 g6 13. O-O-O Qe5 14. f3 Qxe4 15. Nxe4 Bg7 16. h4 h6 17. Nc3 Bd7 18.
h5 g5 19. Nd5 Rc8 20. Rhe1 Ne5 21. g3 Bc6 22. Nf5 Bf8 23. f4 Nf3 24. Re2 Kf7 25.
Nb6 Rd8 26. Nd4 g4 27. Nxc6 bxc6 28. c3 Bg7 29. Nc4 Rb8 30. Kc2 Rb5 31. Rh1 Bf6 32. a4 Rbb8 33. Na5 c5 34. Bf2 Rhc8 35. Rd1 Rc7 36.
Re4 Rcc8 37. f5 Ne5 38. Be3 Kg7 39. Bf4 Nf3 40. Nc4 Kh7 41. Ne3 Rg8 42. Nd5 Be5 43.
Nxe7 Rbe8 44. Nxg8 1-0

[Event "*** SCC Grand Prix: Titled Tuesday Blitz"]
[Site "Chess.com"]
[Date "2020.08.25"]
[Round "1"]
[White "felipelobo"]
[Black "TST2014"]
[Result "0-1"]
[WhiteElo "2129"]
[BlackElo "2503"]
[TimeControl "180+1"]
[EndTime "10:06:54 PDT"]
[Termination "TST2014 won by resignation"]

1. e4 c5 2. Nf3 Nc6 3. d4 cxd4 4.
Nxd4 Nf6 5. Nc3 d6 6. Bg5 e6 7. Qd2 a6 8. O-O-O Bd7 9. f4 h6 10. Bxf6 Qxf6 11. Nf3 Qd8 12. Bd3 Qc7 13. Rhe1 Be7 14.
Nd5 exd5 15. exd5 Na7 16. Nd4 Bg4 17. Nf5 Bxf5 18. Bxf5 O-O 19. g4 Bh4 20. Rg1 g6 21.
Bd3 Bf6 22. h4 Qb6 23. c3 Rac8 24. h5 g5 25. Bc2 Rfe8 26. Qd3 Qe3+ 27. Kb1 Qxd3 28.
Rxd3 gxf4 29. g5 hxg5 30. h6 Re2 31. h7+ Kh8 32. Rh3 Rce8 33. a4 Re1+ 34. Rxe1 Rxe1+ 35. Ka2 Nc8 36. Rh6 Bg7 37. Rh5 Rg1 38. Bf5 Ne7 39.
Be4 f5 40. Bc2 f3 41. Rh2 Rg2 0-1

[Event "*** SCC Grand Prix: Titled Tuesday Blitz"]
[Site "Chess.com"]
[Date "2020.08.25"]
[Round "1"]
[White "lucachess49"]
[Black "WonderChampion"]
[Result "1-0"]
[WhiteElo "2471"]
[BlackElo "1979"]
[TimeControl "180+1"]
[EndTime "10:06:54 PDT"]
[Termination "lucachess49 won by resignation"]

1. d4 d5 2. c4 e6 3. Nc3 c6 4. e3 Nf6 5. Nf3 Bd6 6. Qc2 O-O 7. Bd3 dxc4 8. Bxc4 b5 9. Bd3 Bb7 10. O-O Nbd7 11. h3 a6 12. e4 e5 13. dxe5 Nxe5 14. Nxe5 Bxe5 15. Be3 Rc8 16. Rad1 Qc7 17. f4 Bxc3 18. bxc3 h6 19. Bc5 Rfe8 20. e5 Nd5 21. c4 Ne7 22. Qe2 Rcd8 23. Qe4 g6 24. Bd6 Qb6+ 25.
c5 Qa5 26. f5 Nxf5 27. Rxf5 Re6 28. Rf6 Rxf6 29. exf6 Qc3 30. Qf3 Qd4+ 31. Kh1 Qh4 32. Bxg6 fxg6 33. f7+ Kg7 34. f8=Q+ Rxf8 35. Qxf8+ Kh7 36.
Rf1 1-0

[Event "*** SCC Grand Prix: Titled Tuesday Blitz"]
[Site "Chess.com"]
[Date "2020.08.25"]
[Round "1"]
[White "Flawless_Fighter"]
[Black "lifeissofun"]
[Result "1-0"]
[WhiteElo "2559"]
[BlackElo "2234"]
[TimeControl "180+1"]
[EndTime "10:06:55 PDT"]
[Termination "Flawless_Fighter won by resignation"]

1. e4 c5 2. Nf3 d6 3. d4 cxd4 4. Nxd4 Nf6 5. Nc3 a6 6. Bc4 e6 7. Bb3 Be7 8. Be3 b5 9. Qe2 Bb7 10. f3 O-O 11. O-O-O Qc7 12. g4 Nbd7 13. g5 Ne8 14. h4 Nc5 15. g6 hxg6 16. h5 g5 17. h6 g6 18. h7+ Kh8 19. Qd2 b4 20. Na4 Nxb3+ 21. axb3 Rc8 22. Rdg1 e5 23. Ne2 Ng7 24. Nb6 Ne6 25. Nxc8 Rxc8 26. Kb1 a5 27. Rc1 Ba6 28. c3 Qb7 29. cxb4 Rxc1+ 30. Nxc1 axb4 31. Nd3 d5 32.
Nxe5 dxe4 33. Nxf7+ Kg7 34. h8=Q+ Kxf7 35. Rh7+ 1-0

[Event "*** SCC Grand Prix: Titled Tuesday Blitz"]
[Site "Chess.com"]
[Date "2020.08.25"]
[Round "1"]
[White "niki_2003"]
[Black "FontVella8"]
[Result "0-1"]
[WhiteElo "1668"]
[BlackElo "2454"]
[TimeControl "180+1"]
[EndTime "10:06:55 PDT"]
[Termination "FontVella8 won by checkmate"]

1. d4 d5 2. c4 dxc4 3. e3 Nf6 4.
Bxc4 e6 5. Nc3 c5 6. Nge2 Nc6 7. O-O a6 8. a4 Qc7 9. e4 cxd4 10.
Nxd4 Nxd4 11. Qxd4 Bc5 12. Bf4 Bxd4 13. Bxc7 Bxc3 14.
bxc3 Nxe4 15. Rfe1 Nf6 16. Bd6 Bd7 17. Rab1 Bc6 18. a5 Rd8 19. Bc7 Rd7 20. Be5 O-O 21.
Bxf6 gxf6 22. Rb6 Rc8 23. h3 Kg7 24. Re3 f5 25. Kh2 Kf6 26. h4 Rd2 27. Kg3 Rg8+ 28.
Kh2 Rxg2+ 29. Kh3 Rdxf2 30. Bxa6 Rh2+ 31. Kg3 Rfg2+ 32. Kf4 Rg4# 0-1

[Event "*** SCC Grand Prix: Titled Tuesday Blitz"]
[Site "Chess.com"]
[Date "2020.08.25"]
[Round "1"]
[White "anon481216"]
[Black "ChessWarrior7197"]
[Result "0-1"]
[WhiteElo "2438"]
[BlackElo "2909"]
[TimeControl "180+1"]
[EndTime "10:06:56 PDT"]
[Termination "ChessWarrior7197 won on time"]

1. d4 d5 2. c4 e6 3. Nc3 c5 4. cxd5 exd5 5. Nf3 Nc6 6. g3 Nf6 7.
Bg2 cxd4 8. Nxd4 Bc5 9. Nb3 Bb6 10. O-O d4 11. Na4 O-O 12. Nxb6 axb6 13. Bg5 Re8 14. Qd2 h6 15. Bxf6 Qxf6 16. h3 Be6 17. Rfd1 Rad8 18.
Rac1 Bd5 19. Bxd5 Rxd5 20. Kg2 Rf5 21. Rf1 h5 22. h4 Qe6 23. Rfe1 Qe4+ 24. Kg1 Rd8 25. a3 Ne5 26. Rc7 Ng4 27. Rf1 Qe5 28.
Rxb7 Ne3 29. Rc1 Qd5 30. fxe3 Qxb7 31. exd4 Qe4 32. Rc3 Re8 33. Nc1 Rd5 34. e3 Rf5 35. Ne2 Rf3 36. d5 Rxe3 37. Rxe3 Qxe3+ 38. Qxe3 Rxe3 39. Kf2 Re5 40. Nc3 Kf8 41. Kf3 Ke7 42. a4 Kd6 43. b4 Re1 44. Kf4 Rc1 45. Ne4+ Kxd5 46. Ng5 Rc4+ 47. Kf5 f6 0-1

[Event "*** SCC Grand Prix: Titled Tuesday Blitz"]
[Site "Chess.com"]
[Date "2020.08.25"]
[Round "1"]
[White "Korchmar_Vasiliy"]
[Black "mfwagnerpeixoto"]
[Result "1-0"]
[WhiteElo "2608"]
[BlackElo "2276"]
[TimeControl "180+1"]
[EndTime "10:06:57 PDT"]
[Termination "Korchmar_Vasiliy won by resignation"]

1. d4 Nf6 2. Nf3 g6 3. Bg5 Bg7 4. Nbd2 O-O 5. e3 b6 6. Bd3 Bb7 7. O-O c5 8. c3 d6 9. Re1 Nbd7 10.
a4 a6 11. e4 cxd4 12. cxd4 e5 13. Nc4 Qb8 14. d5 Nc5 15. Nxb6 Ra7 16. b4 Nxd3 17. Qxd3 Qd8 18. a5 h6 19. Bxf6 Bxf6 20. Qe3 Bg7 21. Nd7 Ra8 22. Nxf8 Qxf8 23. Nd2 f5 24. Nc4 h5 25. Nb6 Rd8 26. Rac1 Bh6 27. Qg3 Qg7 28. Rc6 Bxc6 29. dxc6 Bd2 30. Rd1 Bf4 31. Qb3+ Kh7 32. Qe6 fxe4 33. g3 e3 34. gxf4 exf2+ 35. Kxf2 Rf8 36.
Rxd6 Rxf4+ 37. Kg2 Kh6 38. Qxg6+ Qxg6+ 39. Rxg6+ Kxg6 40. c7 1-0

[Event "*** SCC Grand Prix: Titled Tuesday Blitz"]
[Site "Chess.com"]
[Date "2020.08.25"]
[Round "1"]
[White "topotun"]
[Black "Region_07"]
[Result "1-0"]
[WhiteElo "2717"]
[BlackElo "2377"]
[TimeControl "180+1"]
[EndTime "10:06:58 PDT"]
[Termination "topotun won by resignation"]

1. e4 Nc6 2. Nf3 d6 3. d4 g6 4. c3 Bg7 5. Bd3 Nf6 6. O-O O-O 7. Qe2 e5 8. dxe5 Nxe5 9. Nxe5 dxe5 10. Rd1 Qe7 11. Na3 c6 12. Nc4 b5 13. Na5 Qc7 14. b4 Be6 15. a4 a6 16. Be3 Nd7 17. c4 c5 18. cxb5 cxb4 19. Nc6 axb5 20. axb5 b3 21.
Bc4 Rfe8 22. Bxe6 fxe6 23. Qb2 Nf6 24. Rxa8 Rxa8 25. Qxb3 Nxe4 26. Qxe6+ Kh8 27. h4 Nf6 28. b6 Qc8 29. Qxc8+ Rxc8 30. b7 1-0

[Event "*** SCC Grand Prix: Titled Tuesday Blitz"]
[Site "Chess.com"]
[Date "2020.08.25"]
[Round "1"]
[White "crackcubano"]
[Black "SHIVACalypso"]
[Result "1/2-1/2"]
[WhiteElo "2643"]
[BlackElo "2326"]
[TimeControl "180+1"]
[EndTime "10:06:58 PDT"]
[Termination "Game drawn by repetition"]

1. e4 e6 2. d4 d5 3. Nd2 Nf6 4. e5 Nfd7 5. f4 c5 6. c3 Nc6 7. Ndf3 cxd4 8. cxd4 a5 9. Bd3 a4 10. a3 b5 11. Ne2 Qb6 12. f5 exf5 13. Nf4 Nxd4 14.
Nxd5 Nxf3+ 15. Qxf3 Qb7 16. Bf4 b4 17. Rc1 bxa3 18.
bxa3 Bxa3 19. Rc7 Qb2 20. Nf6+ gxf6 21. Qxa8 O-O 22. Rxc8 Qa1+ 23. Kf2 Bc5+ 24. Kg3 Qxh1 25. Bxf5 Qe1+ 26. Kh3 Nxe5 27. Bh6 Qc3+ 28. g3 Qb4 29. Bxf8 Bxf8 30. Bxh7+ Kxh7 31. Rxf8 Qg4+ 32. Kg2 Qe2+ 33.
Kh3 Qg4+ 34. Kg2 Qe2+ 35. Kh3 Qg4+ 1/2-1/2

[Event "*** SCC Grand Prix: Titled Tuesday Blitz"]
[Site "Chess.com"]
[Date "2020.08.25"]
[Round "1"]
[White "Bastiandash"]
[Black "crescentmoon2411"]
[Result "0-1"]
[WhiteElo "2397"]
[BlackElo "2761"]
[TimeControl "180+1"]
[EndTime "10:06:59 PDT"]
[Termination "crescentmoon2411 won on time"]

1. d4 Nf6 2. Nf3 c5 3. c3 d5 4. Bg5 Nc6 5. e3 Qb6 6. Qb3 c4 7. Qc2 Ne4 8. Bf4 Bf5 9. Qc1 f6 10. Nbd2 g5 11. Bg3 h5 12. h3 Nxg3 13. fxg3 e5 14.
Be2 e4 15. Ng1 Bd6 16. Nf1 Qc7 17. Kf2 b5 18. Qd1 Bg6 19. g4 hxg4 20. Bxg4 f5 21.
Be2 O-O-O 22. a4 b4 23. b3 Bf7 24.
bxc4 dxc4 25. cxb4 Nxb4 26. Rc1 Kb8 27. Nd2 c3 28.
Nf1 Rc8 29. Bb5 a6 30. Be2 c2 31. Qe1 Qc3 32. Nd2 Qxe3+ 33. Kxe3 Bf4+ 34. Kf2 e3+ 35. Kf1 exd2 36. Bf3 Bc4+ 37. Ne2 dxc1=Q 38. Qxc1 Bxc1 39. Kf2 Nd3+ 40. Kg3 Bf4+ 0-1

[Event "*** SCC Grand Prix: Titled Tuesday Blitz"]
[Site "Chess.com"]
[Date "2020.08.25"]
[Round "1"]
[White "juancruzarias"]
[Black "AlexTriapishko"]
[Result "0-1"]
[WhiteElo "2365"]
[BlackElo "2704"]
[TimeControl "180+1"]
[EndTime "10:06:59 PDT"]
[Termination "AlexTriapishko won by resignation"]

1. d4 Nf6 2. Bg5 d5 3. Bxf6 gxf6 4. e3 c5 5. c4 cxd4 6. exd4 e6 7. Nc3 dxc4 8. Bxc4 Nc6 9. Nf3 Bb4 10. O-O O-O 11. Qd2 Ne7 12. Rad1 Bd7 13. Qh6 Bxc3 14. bxc3 Ng6 15.
Bd3 Qc7 16. Bxg6 fxg6 17. Qe3 Rac8 18. Rc1 Rfe8 19. h4 Qc4 20. h5 Kg7 21. h6+ Kg8 22. Qf4 Rf8 23. Rfe1 Qd5 24. c4 Qa5 25. Qd6 Qc7 26. Qe7 Rf7 27. Qa3 b6 28. c5 Qf4 29.
cxb6 Rxc1 30. Rxc1 axb6 31. Qa7 Qxc1+ 0-1

[Event "*** SCC Grand Prix: Titled Tuesday Blitz"]
[Site "Chess.com"]
[Date "2020.08.25"]
[Round "1"]
[White "Baronessa08"]
[Black "Man-Chuk"]
[Result "0-1"]
[WhiteElo "2410"]
[BlackElo "2818"]
[TimeControl "180+1"]
[EndTime "10:07:01 PDT"]
[Termination "Man-Chuk won on time"]

1. c4 e5 2. g3 Nf6 3. Bg2 g6 4. Nc3 Bg7 5. d3 O-O 6. e4 c6 7. Nge2 d6 8. O-O Be6 9. Bg5 Nbd7 10. Qd2 Qc7 11. Rac1 a5 12. Nd5 Bxd5 13. exd5 cxd5 14. cxd5 Qb6 15. Nc3 Nc5 16. h3 Rac8 17. Be3 Qa6 18. Rfd1 Rfe8 19. Ne4 Nfxe4 20. dxe4 b6 21. f3 Qb7 22.
Bf1 Qd7 23. h4 f5 24. Bh3 Rf8 25. Bg5 Rce8 26. Qe2 Qf7 27. Bd2 fxe4 28. fxe4 Qf3 29. Qxf3 Rxf3 30. Kg2 Ref8 31. Be6+ Kh8 32. Be1 Nxe4 33.
Rc6 Re3 34. Rxb6 Re2+ 35. Kg1 Bh6 0-1

[Event "*** SCC Grand Prix: Titled Tuesday Blitz"]
[Site "Chess.com"]
[Date "2020.08.25"]
[Round "1"]
[White "YIYUKI"]
[Black "wannabe2700"]
[Result "0-1"]
[WhiteElo "2292"]
[BlackElo "2627"]
[TimeControl "180+1"]
[EndTime "10:07:01 PDT"]
[Termination "wannabe2700 won by resignation"]

1. e4 c6 2. d3 d5 3. Nd2 e5 4. Ngf3 Bd6 5. g3 Nf6 6. Bg2 O-O 7. O-O Nbd7 8. Re1 Re8 9. c3 Nc5 10. Qc2 a5 11. b3 Bg4 12. a3 Qb6 13. h3 Bh5 14.
Rb1 Rad8 15. b4 axb4 16. axb4 Na6 17. Nh4 Bg6 18. Nxg6 hxg6 19. exd5 cxd5 20. b5 Nc5 21. c4 e4 22. dxe4 dxe4 23. Nf1 Nd3 24. Re2 Bc5 25. Be3 Bxe3 26. Nxe3 Qd4 27. Rd1 Rd7 28. g4 Qe5 29.
Nd5 Red8 30. Nxf6+ Qxf6 31. Rde1 Nxe1 32. Rxe1 Rd2 33.
Qxe4 Qxf2+ 34. Kh1 Rd1 35. Rxd1 Rxd1+ 36. Kh2 b6 37. Qe8+ Kh7 38. Qe4 Re1 39. Qd5 Qg1+ 40. Kg3 Re3+ 41. Kf4 Qf2+ 0-1

[Event "*** SCC Grand Prix: Titled Tuesday Blitz"]
[Site "Chess.com"]
[Date "2020.08.25"]
[Round "1"]
[White "gmcorrales"]
[Black "Poghosyan_Suren"]
[Result "1-0"]
[WhiteElo "2912"]
[BlackElo "2441"]
[TimeControl "180+1"]
[EndTime "10:07:05 PDT"]
[Termination "gmcorrales won on time"]

1. e4 e6 2. d4 d5 3. e5 c5 4. c3 Nc6 5. Nf3 Nh6 6. a3 cxd4 7. cxd4 Nf5 8. Nc3 Bd7 9. h4 h5 10. g3 Rc8 11. Bh3 Na5 12. Kf1 Nc4 13.
Kg2 Bc6 14. Bxf5 exf5 15. Ne2 Bd7 16. b3 Na5 17. Bd2 Be6 18. Nf4 Qb6 19. Bxa5 Qxa5 20.
Ng5 Qa6 21. Nxh5 Be7 22. Nxg7+ Kd7 23. N7xe6 fxe6 24. b4 Rc3 25. Qf1 Qa4 26. Qe2 Rc2 27. Qf3 Rhc8 28. Rhe1 R8c3 29. Re3 Rc4 30. Rd3 Qa6 31.
Nh3 Rc8 32. Nf4 Bxb4 33. h5 Bf8 34. Rb1 Bh6 35. Nxd5 1-0

[Event "*** SCC Grand Prix: Titled Tuesday Blitz"]
[Site "Chess.com"]
[Date "2020.08.25"]
[Round "1"]
[White "tvjosue"]
[Black "MrrRefrao"]
[Result "1-0"]
[WhiteElo "2546"]
[BlackElo "2215"]
[TimeControl "180+1"]
[EndTime "10:07:05 PDT"]
[Termination "tvjosue won on time"]

1. Nf3 g6 2. c4 Bg7 3. Nc3 d6 4.
g3 e5 5. Bg2 f5 6. d4 e4 7. Ng5 h6 8. Nh3 g5 9. f3 Nf6 10. Nf2 exf3 11. exf3 O-O 12. O-O Nc6 13. f4 g4 14. d5 Ne7 15. Re1 Ng6 16. Qd2 h5 17. b3 h4 18. Bb2 Nh5 19. Nh1 c6 20. dxc6 bxc6 21. Rad1 Qb6+ 22. Qf2 hxg3 23. hxg3 Bb7 24.
Rxd6 Kh7 25. Rd7 Ba6 26. Qxb6 axb6 27. Bxc6 Rae8 28. Rxe8 Rxe8 29. Rxg7+ Nxg7 30. Bxe8 Nxe8 31. a4 Ne7 32. Nb5 Nc6 33. Bc3 Ng7 34. Nf2 Ne6 35. Nd3 Bb7 36. Nd6 1-0

[Event "*** SCC Grand Prix: Titled Tuesday Blitz"]
[Site "Chess.com"]
[Date "2020.08.25"]
[Round "1"]
[White "Nemsko"]
[Black "XDPS"]
[Result "0-1"]
[WhiteElo "2382"]
[BlackElo "2725"]
[TimeControl "180+1"]
[EndTime "10:07:06 PDT"]
[Termination "XDPS won on time"]

1. e4 c5 2. Nf3 d6 3. d4 cxd4 4. Nxd4 Nf6 5. Nc3 a6 6. Be3 e6 7. f4 Qc7 8. Be2 Be7 9. Qd2 Nc6 10. O-O-O O-O 11. g4 d5 12. e5 Ne4 13. Nxe4 dxe4 14. Kb1 Rd8 15. c3 Bd7 16. Qc2 Nxd4 17. Bxd4 Bc6 18.
f5 Bf8 19. Rhg1 Rac8 20. Rg3 b5 21. f6 g6 22. g5 a5 23. h4 b4 24. h5 Be8 25.
hxg6 fxg6 26. Qxe4 a4 27. Bg4 Bf7 28. Rh3 a3 29. Rdh1 h6 30. gxh6 Kh8 31. Rg3 axb2 32.
Bxe6 Bxe6 33. Qxg6 Qh7 34. Qxh7+ Kxh7 35. Kxb2 bxc3+ 36. Bxc3 Rb8+ 37. Ka1 Ra8 38. Rg2 Bd5 0-1

[Event "*** SCC Grand Prix: Titled Tuesday Blitz"]
[Site "Chess.com"]
[Date "2020.08.25"]
[Round "1"]
[White "Klavdia_Nik"]
[Black "BasilSmash"]
[Result "0-1"]
[WhiteElo "2053"]
[BlackElo "2480"]
[TimeControl "180+1"]
[EndTime "10:07:06 PDT"]
[Termination "BasilSmash won by resignation"]

1. Nf3 d5 2. c4 dxc4 3. Na3 g6 4. Nxc4 Bg7 5. d3 Nc6 6. g3 e5 7. Bg2 e4 8. dxe4 Qxd1+ 9. Kxd1 Nf6 10. Nfd2 Be6 11. a3 O-O-O 12. Ke1 Nd4 13. Ne3 Ng4 14. Ndf1 Nb3 15. Rb1 Nxc1 16. Rxc1 Bxb2 17. Rc2 Bxa3 18. Nd5 c6 19. Nfe3 Nxe3 20. fxe3 Kb8 21. Ra2 Bf8 22.
Kf2 cxd5 23. Rd1 Bc5 24. exd5 Bd7 25. Rc1 b6 26. Be4 Rhe8 27. Kf3 f5 28. Rxc5 0-1

[Event "*** SCC Grand Prix: Titled Tuesday Blitz"]
[Site "Chess.com"]
[Date "2020.08.25"]
[Round "1"]
[White "Nara_Kh"]
[Black "xamax2000"]
[Result "0-1"]
[WhiteElo "2322"]
[BlackElo "2655"]
[TimeControl "180+1"]
[EndTime "10:07:07 PDT"]
[Termination "xamax2000 won by checkmate"]

1. e4 c5 2. Be2 Nc6 3. f4 g6 4. Nf3 Bg7 5. O-O e6 6. d3 Nge7 7. c3 O-O 8. Be3 b6 9. d4 d5 10.
e5 Qc7 11. Bf2 a5 12. Na3 Ba6 13. dxc5 bxc5 14. Bxa6 Rxa6 15. Nb5 Qd7 16. Bxc5 Rc8 17. a4 Rb8 18. Qd3 Nc8 19. Kh1 Nb6 20. Nd6 Raa8 21. Rfd1 Qc7 22. Nb5 Qc8 23. Bd6 Rb7 24. b3 Na7 25. Nfd4 Qd7 26. Nxa7 Raxa7 27. Nb5 Ra8 28. c4 dxc4 29. bxc4 Rc8 30. Rdc1 h5 31. Nd4 Nxa4 32.
c5 Rb4 33. c6 Qa7 34. Nb5 Qa6 35. Bxb4 axb4 36. Qd7 b3 37. Nd6 Ra8 38. c7 b2 39.
c8=Q+ Rxc8 40. Rxc8+ Kh7 41. Rb1 Qd3 42. Rg1 b1=Q 43.
Qxf7 h4 44. Qg8+ Kh6 45. Nf7+ Kh5 46. Qh7+ Kg4 47. h3+ Kg3 48. Qxg7 Qxg1+ 49. Kxg1 Qd1# 0-1

[Event "*** SCC Grand Prix: Titled Tuesday Blitz"]
[Site "Chess.com"]
[Date "2020.08.25"]
[Round "1"]
[White "cukin84"]
[Black "hermionegrangermagic"]
[Result "1-0"]
[WhiteElo "2038"]
[BlackElo "2459"]
[TimeControl "180+1"]
[EndTime "10:07:07 PDT"]
[Termination "cukin84 won by resignation"]

1. e4 c5 2. Nc3 Nc6 3. Bb5 g6 4. Bxc6 dxc6 5. d3 Bg7 6. f4 Nf6 7. Nf3 O-O 8. O-O Nd7 9. Qe1 f5 10. e5 e6 11. Be3 b6 12. a4 a5 13. Ne2 Ba6 14. b3 b5 15. Ng5 Re8 16. Qf2 Qb6 17. h3 Bf8 18. g4 h6 19. Nf3 fxg4 20. hxg4 Be7 21. f5 exf5 22. gxf5 gxf5 23. Bxh6 Bf8 24. Qg3+ Kh8 25. Be3 Re7 26. Kf2 Rh7 27. Rg1 Bg7 28. Rh1 Nf8 29. Ng5 Rxh1 30. Rxh1+ Kg8 31. Qh3 Bc8 32. Nf4 Qc7 33. Nf3 Qe7 34. Rg1 Ra7 35. Ng6 Nxg6 36. Rxg6 Rc7 37. Bh6 f4 38. Qg2 Qf8 39. Qg5 Kh7 40. Bxg7 Rxg7 41. Qh5+ Kg8 42. Rh6 Rg3 43. Rh8+ Kg7 44. Qh6+ Kf7 45. Rxf8+ 1-0

[Event "*** SCC Grand Prix: Titled Tuesday Blitz"]
[Site "Chess.com"]
[Date "2020.08.25"]
[Round "1"]
[White "JoySpaceman"]
[Black "Hikaru"]
[Result "0-1"]
[WhiteElo "2451"]
[BlackElo "3218"]
[TimeControl "180+1"]
[EndTime "10:07:08 PDT"]
[Termination "Hikaru won on time"]

1. d4 Nf6 2. Nc3 d5 3. Bf4 a6 4. e3 Bf5 5. f3 e6 6. g4 Bg6 7. h4 h5 8. g5 Nfd7 9. Bd3 Bxd3 10. Qxd3 c5 11. a4 Nc6 12. Nge2 Rc8 13. Kf2 g6 14. Rhd1 cxd4 15. exd4 Bg7 16. Bd6 Nb6 17. Bc5 Nc4 18. b3 Nb2 19. Qe3 Nxd1+ 20. Rxd1 b6 21. Ba3 Ne7 22. Qd3 O-O 23. Qxa6 Re8 24. Rd2 Qc7 25. Bxe7 Rxe7 26. Kg2 Qc6 27. Qd3 e5 28. dxe5 d4 29. Ne4 Bxe5 30. Nxd4 Qd7 31. c3 Bg7 32. Qa6 Rb8 33. Nb5 Qe6 34. c4 Rd7 35. Nbd6 Be5 36. c5 bxc5 37. a5 Rbd8 38. Nxc5 Rxd6 39. Nxe6 Rxd2+ 40. Kf1 Rd1+ 41. Ke2 R1d6 42. Qb5 Rxe6 43. Kf2 Rd2+ 44.
Kf1 Bg3 0-1

[Event "*** SCC Grand Prix: Titled Tuesday Blitz"]
[Site "Chess.com"]
[Date "2020.08.25"]
[Round "1"]
[White "varacalli"]
[Black "blitzking1729"]
[Result "0-1"]
[WhiteElo "2338"]
[BlackElo "2672"]
[TimeControl "180+1"]
[EndTime "10:07:08 PDT"]
[Termination "blitzking1729 won by resignation"]

1. e4 d6 2. d4 Nf6 3. Nc3 e5 4. Nf3 Nbd7 5. Bc4 Be7 6. a4 O-O 7. O-O c6 8. Re1 Qc7 9. h3 b6 10. d5 Bb7 11. dxc6 Bxc6 12. Qe2 Nc5 13. Nd5 Nxd5 14.
exd5 Bb7 15. b3 a6 16. Bb2 b5 17. axb5 axb5 18. Bxb5 Bxd5 19. Bc4 Rxa1 20. Rxa1 Qc6 21. Bxd5 Qxd5 22. Nd2 Ne6 23. Nc4 Qc6 24. Rd1 Rc8 25.
Ne3 Nf4 26. Qc4 Qb7 27. Qa4 Rxc2 28. Qe8+ Bf8 29. Ba3 Rc8 30. Qa4 Rc3 31. Qb4 Qc6 32. Rd2 Rc5 33. Qb8 Rb5 34. Qd8 Ne6 35. Qh4 Rxb3 36.
Bb2 Rxb2 37. Rxb2 Qc1+ 38. Nd1 Qxd1+ 39. Kh2 Qd4 40. Rb8 Qxh4 0-1

[Event "*** SCC Grand Prix: Titled Tuesday Blitz"]
[Site "Chess.com"]
[Date "2020.08.25"]
[Round "1"]
[White "FearNoEvil12"]
[Black "Djager97"]
[Result "1-0"]
[WhiteElo "1969"]
[BlackElo "2451"]
[TimeControl "180+1"]
[EndTime "10:07:08 PDT"]
[Termination "FearNoEvil12 won on time"]

1. e4 e6 2. d4 d5 3. Nc3 Nf6 4. Qd3 Be7 5. e5 Nfd7 6. Qg3 g6 7. Nf3 c5 8. Ne2 Nc6 9. c3 cxd4 10. Nexd4 Nxd4 11. Nxd4 O-O 12. h4 Qc7 13. Bf4 Nc5 14. Bd3 Nxd3+ 15. Qxd3 h5 16. g4 Qc4 17. Qg3 hxg4 18. h5 g5 19. Qxg4 Kh7 20. Bxg5 Rg8 21. f4 Qd3 22. Rd1 Qe4+ 23. Kf2 Rxg5 24. Qf3 Qxf3+ 25.
Nxf3 Rg7 26. h6 Rg6 27. Rdg1 Bd7 28. Ng5+ Bxg5 29. fxg5 Rag8 30. Rh5 d4 31. cxd4 Bc6 32. Ke3 Bd5 33. a3 Rc8 34. Rf1 Rc2 35. Rxf7+ Kg8 36. h7+ Kxf7 37. h8=Q 1-0

[Event "*** SCC Grand Prix: Titled Tuesday Blitz"]
[Site "Chess.com"]
[Date "2020.08.25"]
[Round "1"]
[White "gross-aleks"]
[Black "Zmeeed63"]
[Result "1-0"]
[WhiteElo "2584"]
[BlackElo "2254"]
[TimeControl "180+1"]
[EndTime "10:07:10 PDT"]
[Termination "gross-aleks won by resignation"]

1. c4 e6 2. Nf3 d5 3. e3 Nf6 4.
b3 Be7 5. Bb2 O-O 6. d4 c5 7. Nbd2 b6 8. Bd3 Bb7 9. O-O Nbd7 10.
Qe2 cxd4 11. exd4 dxc4 12. bxc4 Re8 13. Rad1 Qc7 14. Rfe1 Rad8 15. Nf1 Nf8 16. Ng3 Ng6 17. Qe3 Nf4 18. Bf1 Bb4 19. Nd2 Ng4 20. Qb3 Bf8 21.
Nde4 Be7 22. a4 h5 23. h3 Nh6 24. Qf3 h4 25. Nh5 Nxh5 26. Qxh5 Qf4 27. Bc1 Qf5 28. Ng5 Bxg5 29. Qxg5 Rd6 30. Qxh4 Red8 31. Bg5 R8d7 32.
Bd3 Rxd4 33. Bxf5 Rxd1 34. Rxd1 Rxd1+ 35. Kh2 Nxf5 36. Qf4 Bc6 37. Qb8+ Kh7 38. Qxa7 Rb1 39. Qxf7 Bxa4 40. g4 Nd4 41. Bf6 Nf3+ 42. Kg3 1-0

[Event "*** SCC Grand Prix: Titled Tuesday Blitz"]
[Site "Chess.com"]
[Date "2020.08.25"]
[Round "1"]
[White "ChronicUnhappiness"]
[Black "GMKrikor"]
[Result "0-1"]
[WhiteElo "2377"]
[BlackElo "2715"]
[TimeControl "180+1"]
[EndTime "10:07:13 PDT"]
[Termination "GMKrikor won on time"]

1. c4 e5 2. Nc3 Nf6 3. Nf3 Nc6 4. e3 Bb4 5. Qc2 Bxc3 6. bxc3 O-O 7. e4 d6 8. g3 a6 9. Rb1 h6 10. Nh4 Ne7 11. Bg2 b6 12. O-O Be6 13. d3 g5 14.
Nf3 Ng6 15. Nd2 Qd7 16. Re1 b5 17. Ba3 Bh3 18. c5 Bxg2 19. Kxg2 Qg4 20. f3 Qe6 21.
cxd6 cxd6 22. Nf1 Rac8 23. Qd2 Rfd8 24. Ne3 d5 25. exd5 Nxd5 26. Nxd5 Qxd5 27. Rbd1 Kg7 28.
Bb2 f6 29. Qe2 g4 30. Qe4 gxf3+ 31. Qxf3 Qxf3+ 32. Kxf3 Kf7 33. g4 Ke6 34. a4 bxa4 35. c4 Rb8 0-1

[Event "*** SCC Grand Prix: Titled Tuesday Blitz"]
[Site "Chess.com"]
[Date "2020.08.25"]
[Round "1"]
[White "Evgeny81"]
[Black "markberk"]
[Result "1-0"]
[WhiteElo "2690"]
[BlackElo "2359"]
[TimeControl "180+1"]
[EndTime "10:07:13 PDT"]
[Termination "Evgeny81 won on time"]

1. Nf3 f5 2. d4 Nf6 3. g3 g6 4. Bg2 Bg7 5. c4 O-O 6. O-O d6 7. Nc3 c6 8. b3 e5 9. Ba3 e4 10. Ne1 Re8 11. Nc2 Na6 12. Qd2 Nc7 13. b4 Be6 14.
Ne3 d5 15. cxd5 Ncxd5 16. Rfd1 Bh6 17. Ncxd5 Nxd5 18. Rac1 Qg5 19. h4 Qh5 20. b5 Nxe3 21. fxe3 Qg4 22. Kh2 Bd5 23. bxc6 bxc6 24. Bd6 g5 25.
hxg5 Bxg5 26. Bh3 Qh5 27. Bf4 Re6 28. Bxg5 Qxg5 29. Rf1 Rh6 30. Rf4 Kh8 31. Rg1 Rg8 32.
Qe1 Bc4 33. Qf2 1-0